Map: Fracture LE

Players

Pure

  • Race: Protoss Protoss
  • Spawn Location: 11:00

Cuddlebear - Winner!

  • Race: Terran Terran
  • Spawn Location: 5:00

Event: WCS Montreal 2018

VOD

Have the link to the VOD?

Description

Time

  • Played on: Sept. 7, 2018, 2:03 p.m.
  • Length: 3:44

All games in this series

Show
View Real Time Build Order
Export as new Build Order

Pure Protoss 

Build Orders:  

Get SALT Encoding   

  12  0:00  Probe  
  13  0:13  Probe  
  14  0:17  Pylon  
  14  0:25  Probe  
  15  0:37  Gateway, Probe  
  16  0:45  Assimilator  
  16  0:47  Probe  
  17  0:55  Probe  
  17  1:03  Probe  
  19  1:15  Probe  
  20  1:25  Cybernetics Core, Zealot  
  22  1:32  Probe  
  23  1:35  Pylon  
  23  1:53  Assimilator, Probe  
  24  1:55  Stalker  
  24  1:58  Nexus  
  26  2:11  Probe  
  27  2:23  Probe  
  28  2:35  Stalker, Probe  
  28  2:40  Twilight Council  
  30  2:47  Probe  
  29  3:05  Stalker  
Show
View Real Time Build Order
Export as new Build Order

Cuddlebear Terran - Winner!

Build Orders:  

Get SALT Encoding   

  12  0:01  SCV  
  13  0:13  SCV  
  14  0:20  Supply Depot  
  14  0:25  SCV  
  15  0:45  Barracks  
  15  0:46  SCV, Refinery  
  16  0:58  Barracks  
  16  1:02  SCV  
  17  1:14  SCV  
  18  1:29  SCV  
  19  1:37  Barracks Tech Lab  
  19  1:43  Orbital Command  
  19  1:47  Marine  
  20  1:58  Supply Depot  
  20  2:00  Concussive Shells  
  20  2:01  Marauder  
  22  2:07  Marine  
  23  2:20  SCV  
  26  2:22  Marauder  
  26  2:25  Supply Depot  
  26  2:31  Marine  
  26  2:32  SCV  
  28  2:44  Marauder, SCV  
  31  2:48  Marine  
  32  2:56  SCV  
  32  2:58  Supply Depot  
  33  3:05  Marauder  
  35  3:06  Marine  
  35  3:10  SCV  
  35  3:12  Factory  
  34  3:24  SCV, Marine  
Tags
 
Add a new tag
Caveats
  • Supply blocks, unpowered buildings, or Contaminate may cause inaccurate times.
  • Supply counts are checked every 10 seconds.